[Event "*** Titled Tuesday Blitz"]
[Site "Chess.com"]
[Date "2019.12.03"]
[Round "2"]
[White "Gabrielian_Artur"]
[Black "AliKa2810"]
[Result "1-0"]
[WhiteElo "2807"]
[BlackElo "2562"]
[TimeControl "180+2"]
[EndTime "13:19:55 PST"]
[Termination "Gabrielian_Artur won by resignation"]

1. e4 e6 2. d3 d5 3. Qe2 dxe4 4. dxe4 e5 5. Nf3 Nc6 6. c3 Nf6 7. g3 a5 8. Bg2 Bc5 9. O-O O-O 10.
Nbd2 Be6 11. Nc4 Nd7 12. Ng5 Qe7 13. Nxe6 Qxe6 14. Ne3 Nb6 15. Nd5 Rac8 16. Qb5 Qd6 17. Bg5 h6 18. Be3 Bxe3 19. Nxe3 a4 20. Rad1 Qe6 21. Nd5 Na7 22. Qc5 Nxd5 23. exd5 Qa6 24. Rfe1 Rfe8 25. Bf1 Qb6 26. Qxb6 cxb6 27. d6 Rcd8 28.
Rd5 f6 29. Bc4 Kf8 30. Re4 Re6 31. d7 Re7 32. Rd6 Nc6 33. Be6 b5 34. f4 Nb8 35.
fxe5 Nxd7 36. exf6 Nxf6 37. Rxd8+ 1-0

[Event "*** Titled Tuesday Blitz"]
[Site "Chess.com"]
[Date "2019.12.03"]
[Round "2"]
[White "Jbd735"]
[Black "piscatorox"]
[Result "1/2-1/2"]
[WhiteElo "2440"]
[BlackElo "2233"]
[TimeControl "180+2"]
[EndTime "13:20:08 PST"]
[Termination "Game drawn by repetition"]

1. e4 d5 2. exd5 Nf6 3. d4 Bg4 4. f3 Bf5 5. Nc3 Nxd5 6. Nxd5 Qxd5 7. Be3 Nc6 8. c4 Qa5+ 9. Qd2 Qxd2+ 10. Kxd2 O-O-O 11.
Kc3 e5 12. d5 Nd4 13. Bxd4 exd4+ 14. Kxd4 Be7 15. Bd3 Bf6+ 16. Ke3 Rhe8+ 17. Kd2 Bxd3 18. Kxd3 Bxb2 19. Rd1 c6 20. Kc2 Ba3 21. dxc6 Rxd1 22. cxb7+ Kxb7 23. Kxd1 Rd8+ 24. Kc2 Bb4 25. Kb3 a5 26.
Nh3 Rd3+ 27. Kb2 Rd2+ 28. Kb3 Rd3+ 29. Kb2 Rd2+ 30. Kb3 Rd3+ 1/2-1/2

[Event "*** Titled Tuesday Blitz"]
[Site "Chess.com"]
[Date "2019.12.03"]
[Round "2"]
[White "BigAl"]
[Black "julinha97"]
[Result "1-0"]
[WhiteElo "2448"]
[BlackElo "2202"]
[TimeControl "180+2"]
[EndTime "13:20:15 PST"]
[Termination "BigAl won by checkmate"]

1. e4 c5 2. Nc3 Nc6 3. g3 g6 4.
Bg2 Bg7 5. d3 d6 6. Be3 e6 7. Qd2 Rb8 8. Nd1 b5 9. Ne2 Nd4 10. O-O Ne7 11. Nc1 O-O 12. c3 Ndc6 13.
Bh6 e5 14. Bxg7 Kxg7 15. Ne3 b4 16. f4 bxc3 17. bxc3 Qa5 18. f5 f6 19. h4 Qa3 20.
Rf2 Ba6 21. Ng4 Ng8 22. Ne3 Rb7 23.
fxg6 hxg6 24. h5 Rfb8 25. hxg6 Rb2 26. Nf5+ Kxg6 27. Qd1 Rxf2 28. Qg4+ Kf7 29. Qg7+ Ke6 30. Bh3 Nce7 31. Nd4# 1-0

[Event "*** Titled Tuesday Blitz"]
[Site "Chess.com"]
[Date "2019.12.03"]
[Round "2"]
[White "Eloist"]
[Black "Quiet_Desperation"]
[Result "1-0"]
[WhiteElo "2321"]
[BlackElo "2476"]
[TimeControl "180+2"]
[EndTime "13:20:19 PST"]
[Termination "Eloist won by resignation"]

1. e4 e6 2. d4 d5 3. Nd2 Nf6 4.
e5 Nfd7 5. c3 c5 6. Bd3 Nc6 7.
Ne2 cxd4 8. cxd4 f6 9. exf6 Nxf6 10. Nf3 Bd6 11. O-O Qc7 12. Bd2 O-O 13. Rc1 Bd7 14.
Ng3 Rae8 15. Re1 Qb8 16. Bc3 Bf4 17. Rc2 Bd6 18. Ne5 Nb4 19. Bxb4 Bxb4 20. Re3 Bd6 21. Nxd7 Nxd7 22. Rce2 Rf6 23. Bb5 Qc7 24. Qe1 a6 25. Bxd7 Qxd7 26. Nh5 Rh6 27. Rh3 Qf7 28. g4 Kh8 29.
Ree3 g6 30. Rhf3 Qe7 31. Nf6 Bxh2+ 32. Kg2 Rf8 33. Rxe6 Qc7 34. Nxd5 1-0

[Event "*** Titled Tuesday Blitz"]
[Site "Chess.com"]
[Date "2019.12.03"]
[Round "2"]
[White "marianokar"]
[Black "Fiona"]
[Result "1-0"]
[WhiteElo "2411"]
[BlackElo "2093"]
[TimeControl "180+2"]
[EndTime "13:20:22 PST"]
[Termination "marianokar won by resignation"]

1. d4 d5 2. c4 e6 3. Nc3 Be7 4. Nf3 Nf6 5. Bf4 c6 6. e3 O-O 7. Qc2 Re8 8. O-O-O Qa5 9. Kb1 dxc4 10. Bxc4 b5 11.
Bd3 Na6 12. e4 Nb4 13. Qe2 Nxd3 14. Qxd3 Ba6 15. Qe3 b4 16. Ne2 Ng4 17. Qd2 Nxf2 18. Ng3 Nxd1 19. Rxd1 c5 20. d5 exd5 21. exd5 Bf6 22. d6 c4 23. d7 Red8 24. Ne4 Be7 25. Ne5 c3 26. Qc2 cxb2 27. Nc6 1-0

[Event "*** Titled Tuesday Blitz"]
[Site "Chess.com"]
[Date "2019.12.03"]
[Round "2"]
[White "Chempiblinka"]
[Black "becemix"]
[Result "1-0"]
[WhiteElo "2316"]
[BlackElo "2501"]
[TimeControl "180+2"]
[EndTime "13:20:26 PST"]
[Termination "Chempiblinka won by resignation"]

1. Nf3 d6 2. c4 e5 3. Nc3 f5 4. d3 Nf6 5. g3 Be7 6. Bg2 O-O 7. Rb1 a5 8. a3 c6 9. b4 axb4 10. axb4 Na6 11. O-O Bd7 12. c5 dxc5 13. b5 cxb5 14. Nxe5 Nb4 15. Qb3+ Kh8 16. Nf7+ Rxf7 17. Qxf7 Bc6 18.
Bg5 h6 19. Bf4 Qd7 20. Be5 Rf8 21. Qb3 Ng4 22. Bf4 Qe8 23. Na2 Na6 24. h3 Nf6 25. Qe6 Nh5 26. Be5 Bd8 27. Qxh6+ Kg8 28. Qe3 Bxg2 29.
Kxg2 Qc6+ 30. Qf3 Nf6 31. Nc3 b4 32. Bxf6 Bxf6 33. Nd5 Bd8 34. Rfc1 Qe6 35. Nf4 Qc6 36. Qxc6 bxc6 37. d4 cxd4 38. Rxc6 Nb8 39. Rc8 1-0

[Event "*** Titled Tuesday Blitz"]
[Site "Chess.com"]
[Date "2019.12.03"]
[Round "2"]
[White "biostatistician"]
[Black "MajorCoast"]
[Result "1-0"]
[WhiteElo "2637"]
[BlackElo "2130"]
[TimeControl "180+2"]
[EndTime "13:20:30 PST"]
[Termination "biostatistician won by resignation"]

1. d4 d5 2. Nf3 Nf6 3. c4 e6 4.
Bg5 Nbd7 5. e3 c6 6. Nc3 Qa5 7.
Nd2 Bb4 8. Qc2 e5 9. Be2 Ne4 10. Ncxe4 dxe4 11. dxe5 Nxe5 12. Bf4 O-O 13. a3 Rd8 14. Rd1 Nd3+ 15. Bxd3 exd3 16. Qc1 Bxd2+ 17. Qxd2 Qxd2+ 18. Kxd2 Bf5 19. f3 b5 20. Rc1 Rac8 21. Rc3 a5 22. e4 b4 23. axb4 axb4 24. Rxd3 Be6 25. Rc1 Rxd3+ 26. Kxd3 Rd8+ 27. Ke3 c5 28. b3 f6 29. Ra1 Kf7 30. Ra5 Rd1 31. Rxc5 Rb1 32.
Rc7+ Kg6 33. Bd6 Rxb3+ 34. Kd4 Rc3 35. Bxb4 Rb3 36. Bf8 Kh5 37. Bxg7 Rb4 38. Bxf6 Rb2 39. g4+ Kg6 40. Be5 Rxh2 41. Bxh2 1-0

[Event "*** Titled Tuesday Blitz"]
[Site "Chess.com"]
[Date "2019.12.03"]
[Round "2"]
[White "norwaytoadog"]
[Black "ElGasanov"]
[Result "0-1"]
[WhiteElo "2304"]
[BlackElo "2665"]
[TimeControl "180+2"]
[EndTime "13:20:32 PST"]
[Termination "ElGasanov won by resignation"]

1. e4 c5 2. Nf3 Nc6 3. Bb5 Nf6 4. Nc3 Qc7 5. Bxc6 dxc6 6. h3 e5 7. d3 Be7 8. Be3 Nd7 9. O-O Nf8 10. a3 Ne6 11. Rb1 O-O 12. b4 Rd8 13. b5 Bd7 14.
Nd2 Nd4 15. bxc6 Bxc6 16. Rb2 b5 17. Qh5 g6 18. Qg4 Qa5 19. Nd5 Bxd5 20. exd5 f5 21. Qd1 Rxd5 22. Ra2 Rad8 23. c4 R5d7 24. f4 Ne6 25.
Nb3 Qc3 26. Bd2 Qxd3 27. Rf3 Qxc4 28. Rc3 Qxc3 0-1

[Event "*** Titled Tuesday Blitz"]
[Site "Chess.com"]
[Date "2019.12.03"]
[Round "2"]
[White "2165149677570"]
[Black "chessasuke"]
[Result "1-0"]
[WhiteElo "2344"]
[BlackElo "2632"]
[TimeControl "180+2"]
[EndTime "13:20:32 PST"]
[Termination "2165149677570 won by resignation"]

1. e4 e6 2. d4 d6 3. c4 g6 4. Nc3 Bg7 5. f3 c5 6. d5 Nf6 7.
Nge2 exd5 8. cxd5 O-O 9. Ng3 a6 10. a4 Nbd7 11. Be2 h5 12. Bg5 Qa5 13. O-O Nh7 14.
Be3 h4 15. Nh1 Qb4 16. Qd2 Ne5 17. Nf2 f5 18. exf5 Bxf5 19. Nfe4 Rad8 20. a5 Bxe4 21. Ra4 Nxf3+ 22. Rxf3 Bxc3 23. Rxb4 Bxd2 24. Rxe4 Rxf3 25. Bxf3 Bxe3+ 26. Rxe3 Ng5 27. Re7 Rf8 28. Rxb7 Nxf3+ 29. gxf3 Rxf3 30. Rb6 Rf6 31. Rxa6 Kg7 32. Ra7+ Kh6 33. Rd7 Rf4 34. Rxd6 Ra4 35. a6 Rb4 36. a7 Ra4 37.
Rd7 Kg5 38. Rc7 Kf6 39. d6 Ke6 40. d7 Ke7 41. Rc8 Kxd7 42. a8=Q Rg4+ 43. Kf2 Rf4+ 44. Ke3 1-0

[Event "*** Titled Tuesday Blitz"]
[Site "Chess.com"]
[Date "2019.12.03"]
[Round "2"]
[White "MatthewG-p4p"]
[Black "Zq1"]
[Result "1-0"]
[WhiteElo "2762"]
[BlackElo "2530"]
[TimeControl "180+2"]
[EndTime "13:20:36 PST"]
[Termination "MatthewG-p4p won by resignation"]

1. b3 d5 2. Bb2 c5 3. Nf3 f6 4. c4 d4 5. e3 e5 6. exd4 cxd4 7. d3 Nc6 8. a3 a5 9. g3 Nh6 10. Bg2 Nf7 11. O-O Be7 12. Nbd2 O-O 13. Re1 Be6 14. Qc2 Qd7 15. Rab1 Rfc8 16. c5 Rab8 17. h4 b6 18. Ne4 bxc5 19. Nfd2 f5 20. Nxc5 Bxc5 21. Qxc5 Nb4 22. Qxa5 Nxd3 23. Red1 Nxb2 24.
Rxb2 Ra8 25. Bxa8 e4 26. Nc4 d3 27. Qa6 Rd8 28. Bc6 Qd4 29. Rbd2 g5 30. Bb5 Bc8 31.
Qb6 Qd5 32. Ne3 Qxb3 33. Qa5 Rf8 34. Bc4 Qb8 35. Nxf5 Kh8 36. Bxf7 Rxf7 37. Qd8+ 1-0

[Event "*** Titled Tuesday Blitz"]
[Site "Chess.com"]
[Date "2019.12.03"]
[Round "2"]
[White "Parhamov"]
[Black "Aygehovit1992"]
[Result "1-0"]
[WhiteElo "3095"]
[BlackElo "2628"]
[TimeControl "180+2"]
[EndTime "13:20:39 PST"]
[Termination "Parhamov won by resignation"]

1. Nf3 g6 2. c4 Bg7 3. Nc3 e5 4.
g3 Nc6 5. Bg2 f5 6. O-O Nf6 7. Rb1 a5 8. a3 e4 9. Ne1 d5 10. cxd5 Nxd5 11. d3 Bxc3 12. dxe4 fxe4 13. Bxe4 Bxe1 14. Bxd5 Ne7 15. Bb3 Bf5 16. Qxe1 Bxb1 17. Qc3 Rf8 18. Bh6 a4 19. Bxf8 axb3 20. Bxe7 Qxe7 21.
Rxb1 O-O-O 22. Re1 Qe6 23. e4 h5 24. h4 b6 25. e5 c5 26. a4 c4 27. a5 Rd3 28.
Qb4 bxa5 29. Qxa5 Qd5 30. Qa6+ Kc7 31. Kh2 c3 32. bxc3 b2 33. Qa7+ Kc6 34. e6 Rd1 35. Qa8+ Kc7 36. Qxd5 Rxd5 37. e7 1-0

[Event "*** Titled Tuesday Blitz"]
[Site "Chess.com"]
[Date "2019.12.03"]
[Round "2"]
[White "brendan174"]
[Black "laboratorio25"]
[Result "0-1"]
[WhiteElo "2128"]
[BlackElo "2428"]
[TimeControl "180+2"]
[EndTime "13:20:40 PST"]
[Termination "laboratorio25 won by resignation"]

1. d4 Nf6 2. Nc3 e6 3. e4 d5 4. e5 Nfd7 5. Nf3 c5 6. dxc5 Nc6 7.
Bf4 Bxc5 8. Bd3 a6 9. Qe2 b5 10. O-O Be7 11. a3 g5 12. Bg3 h5 13. h3 Bb7 14. Rfe1 Nc5 15. b4 Nxd3 16. cxd3 d4 17. Ne4 Rg8 18. Rac1 Rc8 19. Rc2 Na7 20. Rec1 Rxc2 21.
Rxc2 Nc8 22. Nfd2 Nb6 23. Qxh5 Nd5 24. Qg4 a5 25. bxa5 Bxa3 26. Nb3 Nb4 27. Nf6+ Kf8 28. Ra2 Nxa2 29. Nxg8 Kxg8 30. Nxd4 Be7 31. Nxb5 Qd5 0-1

[Event "*** Titled Tuesday Blitz"]
[Site "Chess.com"]
[Date "2019.12.03"]
[Round "2"]
[White "Denis_Palkovich"]
[Black "Filip_Covic"]
[Result "0-1"]
[WhiteElo "2214"]
[BlackElo "2453"]
[TimeControl "180+2"]
[EndTime "13:20:41 PST"]
[Termination "Filip_Covic won by resignation"]

1. d4 Nf6 2. Bf4 g6 3. e3 Bg7 4.
Nf3 d6 5. h3 O-O 6. Be2 Nbd7 7.
O-O Qe8 8. c4 e5 9. Bh2 Qe7 10.
Nc3 c6 11. Rc1 Re8 12. c5 dxc5 13. dxe5 Nh5 14. g4 Nxe5 15. gxh5 Bxh3 16. Nxe5 Bxe5 17. Bxe5 Qxe5 18. Bf3 Rad8 19. Qa4 Qg5+ 20. Kh2 Bxf1 21. Rxf1 Rd2 22. Qg4 Qxg4 23. Bxg4 Rxe3 24. hxg6 hxg6 25. Bc8 Re7 26. Nd1 f5 27. Rg1 Kf7 28. Rg5 Rxd1 0-1

[Event "*** Titled Tuesday Blitz"]
[Site "Chess.com"]
[Date "2019.12.03"]
[Round "2"]
[White "AryanTari"]
[Black "francyIM"]
[Result "1-0"]
[WhiteElo "2858"]
[BlackElo "2584"]
[TimeControl "180+2"]
[EndTime "13:20:44 PST"]
[Termination "AryanTari won by resignation"]

1. e4 e6 2. d4 d5 3. Nc3 Nf6 4.
e5 Nfd7 5. f4 c5 6. Nf3 Nc6 7. Be3 Be7 8. Qd2 O-O 9. Nd1 f5 10. c3 a5 11. a4 cxd4 12. cxd4 Nb6 13. b3 Bd7 14. Be2 Bb4 15. Nc3 Rc8 16. Rc1 Qc7 17.
O-O Ne7 18. Qd3 Qd8 19. Nb5 Rxc1 20. Rxc1 Bc6 21. Bd2 Bxd2 22. Qxd2 Nbc8 23. Ng5 Bd7 24. Nc7 Re8 25. Nxe8 Qxe8 26. Qxa5 Nc6 27. Qc3 Qe7 28. b4 h6 29. Nf3 g5 30. b5 Nd8 31. Qc5 Qg7 32. Qc7 Qe7 33. a5 g4 34. Nh4 Kf7 35. a6 bxa6 36. bxa6 Ke8 37. g3 Qa3 38. Qc3 Qa4 39. Ra1 Qc6 40. Qxc6 Nxc6 41. Bb5 Kd8 42. Bxc6 Bxc6 43. a7 Nb6 44. Ng6 Kc7 45. Nf8 Kb7 46.
Nxe6 1-0

[Event "*** Titled Tuesday Blitz"]
[Site "Chess.com"]
[Date "2019.12.03"]
[Round "2"]
[White "FearNoEvil12"]
[Black "boasovietica"]
[Result "0-1"]
[WhiteElo "1975"]
[BlackElo "2393"]
[TimeControl "180+2"]
[EndTime "13:20:44 PST"]
[Termination "boasovietica won by resignation"]

1. e4 e5 2. d4 exd4 3. Bc4 Nf6 4. Nf3 Nc6 5. e5 d5 6. Bb5 Ne4 7. Nxd4 Bc5 8. O-O Bd7 9. Bxc6 bxc6 10. f3 Ng5 11. f4 Ne6 12. Be3 f5 13. c3 O-O 14.
Nd2 Bb6 15. N2f3 c5 16. Nc2 Bb5 17. Re1 Bc6 18. Qd2 Qe7 19. Qf2 Rad8 20. Rad1 Rd7 21. b4 cxb4 22. Nxb4 Bb7 23. Bxb6 axb6 24. Nd4 Nxd4 25.
Rxd4 c5 26. Nxd5 Bxd5 27. Rd2 Bc6 28. Rb2 Rfd8 29. Qe2 b5 30. c4 b4 31. h3 Rd3 32.
Qf2 R8d4 33. Kh2 h6 34. Rbe2 Qe6 35. Qh4 Rxc4 36. Qh5 Rcd4 37. g4 fxg4 38. Qxg4 Qxg4 39.
hxg4 Rxf4 40. e6 Rf8 41. e7 Re8 42. Rc1 Rd5 43. Rec2 Rxe7 44. Rxc5 Rxc5 45. Rxc5 Bd7 46. Rc4 Re2+ 47. Kg3 Rb2 48. Rd4 Be6 49. Kf4 Bxa2 50. g5 hxg5+ 51. Kxg5 Bb1 52. Rd8+ Kh7 53. Rd7 b3 54.
Rb7 Rg2+ 55. Kf4 b2 56. Kf3 Rh2 0-1

[Event "*** Titled Tuesday Blitz"]
[Site "Chess.com"]
[Date "2019.12.03"]
[Round "2"]
[White "Mikhail_Golubev"]
[Black "Bulldog167"]
[Result "0-1"]
[WhiteElo "2593"]
[BlackElo "2903"]
[TimeControl "180+2"]
[EndTime "13:20:46 PST"]
[Termination "Bulldog167 won by resignation"]

1. e4 e6 2. d4 d5 3. Nc3 Bb4 4.
e5 c5 5. a3 Bxc3+ 6. bxc3 Ne7 7.
a4 Nbc6 8. Nf3 Qa5 9. Bd2 Bd7 10. Bb5 c4 11. O-O O-O-O 12. Qc1 Qc7 13. Qa3 f6 14. a5 fxe5 15. dxe5 Rhf8 16. Bxc6 Nxc6 17. Nd4 Nxe5 18. Rae1 a6 19. f4 Nc6 20. Nxc6 Qxc6 21. Be3 Qa4 22.
Qc5+ Bc6 23. Rb1 Rf7 24. Rb6 Rc7 25. Bd4 Qxc2 26. Rfb1 Bb5 27. R1xb5 Qc1+ 28. Kf2 Qxf4+ 29. Ke2 Rxc5 30. Rxc5+ Kb8 31. Rxe6 Qg4+ 0-1

[Event "*** Titled Tuesday Blitz"]
[Site "Chess.com"]
[Date "2019.12.03"]
[Round "2"]
[White "eCztery"]
[Black "CzechmVIII"]
[Result "1-0"]
[WhiteElo "2412"]
[BlackElo "2118"]
[TimeControl "180+2"]
[EndTime "13:20:47 PST"]
[Termination "eCztery won by resignation"]

1. d4 Nf6 2. Nc3 d5 3. Bf4 c6 4. f3 g6 5. e4 Bg7 6. h4 b5 7. e5 Nh5 8. Bh2 b4 9. Nce2 e6 10. g3 c5 11. Nh3 cxd4 12. Nxd4 Bxe5 13. Bb5+ Bd7 14. Bxd7+ Qxd7 15. g4 Bxh2 16. Rxh2 Ng7 17. Qd2 Nc6 18. O-O-O Rc8 19. Kb1 h5 20. Ng5 hxg4 21.
Nxc6 Qxc6 22. fxg4 a5 23. Qd4 Rg8 24. Nh7 Qc4 25.
Nf6+ Kf8 26. Nxg8 Qxd4 27. Rxd4 Kxg8 28. Rf2 Rc4 29. Rxc4 dxc4 30. Rf4 c3 31. bxc3 bxc3 32. Rc4 f5 33. gxf5 Nxf5 34. Rxc3 Nxh4 35. Rc5 a4 36. Rc4 a3 37. Rxh4 1-0

[Event "*** Titled Tuesday Blitz"]
[Site "Chess.com"]
[Date "2019.12.03"]
[Round "2"]
[White "HouseOfDurin"]
[Black "petincash"]
[Result "0-1"]
[WhiteElo "2102"]
[BlackElo "2411"]
[TimeControl "180+2"]
[EndTime "13:20:48 PST"]
[Termination "petincash won on time"]

1. d4 Nf6 2. Bg5 Ne4 3. h4 c5 4. dxc5 Qa5+ 5. Nd2 Nxg5 6. hxg5 Qxc5 7. Ngf3 Nc6 8. e3 h5 9. gxh6 Rxh6 10. Rxh6 gxh6 11. Nb3 Qb6 12. Nfd4 d6 13. Qh5 Nxd4 14. exd4 Bd7 15. O-O-O a5 16. Bc4 e6 17. d5 e5 18. f3 a4 19. Nd2 a3 20. b3 Rc8 21. Ne4 Qe3+ 22.
Rd2 Be7 23. Qh1 b5 24. Bd3 f5 25. Qh5+ Kd8 26. Ng3 Bg5 0-1

[Event "*** Titled Tuesday Blitz"]
[Site "Chess.com"]
[Date "2019.12.03"]
[Round "2"]
[White "MathiasWomacka"]
[Black "FelixJoseYnojosa"]
[Result "0-1"]
[WhiteElo "2321"]
[BlackElo "2618"]
[TimeControl "180+2"]
[EndTime "13:20:51 PST"]
[Termination "FelixJoseYnojosa won by resignation"]

1. e4 c5 2. Nf3 Nc6 3. d4 cxd4 4. Nxd4 e5 5. Nb5 d6 6. c4 Be7 7. N1c3 a6 8. Na3 Nf6 9. Be2 O-O 10. Be3 Nd7 11.
O-O Nc5 12. Qd2 Ne6 13. Nc2 Bg5 14. Bxg5 Qxg5 15. Qxg5 Nxg5 16. Rad1 Rd8 17. Rd2 Ne6 18. Bg4 Ned4 19. Bxc8 Raxc8 20. Nd5 Kf8 21. Nxd4 Nxd4 22. b3 g5 23. h4 h6 24. Ne3 gxh4 25. f4 Kg7 26. fxe5 dxe5 27. Rdf2 Rd7 28. Kh2 b5 29. Kh3 Ne6 30. Kxh4 Ng5 31. Nf5+ Kg6 32. Nxh6 Nxe4 33. Rxf7 Rd4 34. g4 Rh8 35. Kh3 Rxh6+ 36. Kg2 Rd2+ 37. Kg1 Rhh2 38. R1f3 Rdg2+ 0-1

[Event "*** Titled Tuesday Blitz"]
[Site "Chess.com"]
[Date "2019.12.03"]
[Round "2"]
[White "nitpicker"]
[Black "LastHeroJr"]
[Result "0-1"]
[WhiteElo "2314"]
[BlackElo "2558"]
[TimeControl "180+2"]
[EndTime "13:20:54 PST"]
[Termination "LastHeroJr won on time"]

1. d4 Nf6 2. c4 g6 3. Nc3 Bg7 4.
e4 d6 5. Be2 O-O 6. Nf3 e5 7. O-O Nc6 8. d5 Ne7 9. b4 Re8 10. a4 c6 11. Ba3 cxd5 12. cxd5 Nh5 13. Nd2 Nf4 14. Bf3 f5 15. Nc4 fxe4 16. Bxe4 Bf5 17. f3 Rc8 18. Qb3 Qc7 19. Nb5 Qxc4 20.
Qxc4 Rxc4 21. Nxd6 Rec8 22. Nxc4 Rxc4 23. d6 Nc6 24. g3 Ne2+ 25. Kf2 Bxe4 26. fxe4 Nc3 27. b5 Nb8 28. Rac1 Bh6 29. Rce1 Nd7 30. Bb2 Nxe4+ 31.
Kf3 Nd2+ 32. Ke2 Nxf1 33. Kxf1 e4 34. Re2 Kf7 0-1

[Event "*** Titled Tuesday Blitz"]
[Site "Chess.com"]
[Date "2019.12.03"]
[Round "2"]
[White "kallerotmg"]
[Black "Niklas2304"]
[Result "1-0"]
[WhiteElo "2111"]
[BlackElo "2374"]
[TimeControl "180+2"]
[EndTime "13:20:55 PST"]
[Termination "kallerotmg won by resignation"]

1. d4 Nf6 2. c4 g6 3. Nc3 d5 4.
cxd5 Nxd5 5. e4 Nxc3 6. bxc3 Bg7 7. Be3 c5 8. Nf3 Qa5 9. Qd2 cxd4 10. cxd4 Qxd2+ 11. Kxd2 O-O 12. Rb1 b6 13. Bd3 Rd8 14. Rhc1 Bg4 15.
Rc7 Nd7 16. Ng5 h6 17. h3 hxg5 18. hxg4 Nf8 19. d5 e6 20. Bxg5 f6 21. Be3 exd5 22. exd5 Rxd5 23. Ke2 Ne6 24. Rb7 Re5 25. g3 Nc5 26. Bc4+ Kf8 27. Rf7+ Kg8 28. Rxa7+ Kh7 29. Rh1+ Rh5 30. gxh5 Rxa7 31. Rb1 gxh5 32. Rxb6 Na4 33. Bd3+ Kg8 34. Rb8+ Kf7 35. Bxa7 1-0

[Event "*** Titled Tuesday Blitz"]
[Site "Chess.com"]
[Date "2019.12.03"]
[Round "2"]
[White "cool4chess"]
[Black "AbasovN"]
[Result "1-0"]
[WhiteElo "2584"]
[BlackElo "2786"]
[TimeControl "180+2"]
[EndTime "13:21:00 PST"]
[Termination "cool4chess won by checkmate"]

1. e4 c5 2. Nf3 Nc6 3. Bb5 g6 4. O-O Bg7 5. Re1 e5 6. b4 cxb4 7. a3 Nge7 8. axb4 Nxb4 9. Ba3 Nbc6 10. Bd6 O-O 11. Nc3 b6 12. Nd5 Bb7 13. Bxc6 Nxc6 14. Bxf8 Qxf8 15. d3 Nb4 16. Ne3 Rc8 17. Rxa7 Rc7 18.
Qb1 Qc5 19. c4 h6 20. Nd5 Nxd5 21. exd5 d6 22. Qb3 b5 23. Ra5 Bc8 24. Rxb5 Qa7 25. h3 Kh7 26. Rb1 f5 27. Nd2 h5 28. Nf3 Bf6 29. Qb4 e4 30. Ra5 Ba6 31. Qxd6 Rb7 32. Rxb7+ Qxb7 33. Qxf6 exf3 34. gxf3 Qb1+ 35. Kg2 Bb7 36. Ra7 Kh6 37. Qh8+ Kg5 38. h4+ Kxh4 39.
Qf6+ g5 40. Qxf5 Bc8 41. Qxc8 Qxd3 42. Qh3# 1-0

[Event "*** Titled Tuesday Blitz"]
[Site "Chess.com"]
[Date "2019.12.03"]
[Round "2"]
[White "HanSchut"]
[Black "chessdjw"]
[Result "0-1"]
[WhiteElo "2337"]
[BlackElo "2680"]
[TimeControl "180+2"]
[EndTime "13:21:00 PST"]
[Termination "chessdjw won by checkmate"]

1. e4 c5 2. Nf3 Nc6 3. d4 cxd4 4. Nxd4 Nf6 5. Nc3 e5 6. Ndb5 d6 7. Bg5 a6 8. Na3 b5 9. Bxf6 gxf6 10. Nd5 f5 11. c3 fxe4 12. Bxb5 axb5 13. Nxb5 Bg7 14.
Nbc7+ Kf8 15. Nxa8 Ba6 16. Nac7 Bd3 17. Qg4 h5 18. Qf5 Kg8 19. b4 Rh6 20. a4 Rg6 21. h4 Rxg2 22. O-O-O Ne7 23. Nxe7+ Qxe7 24. Qc8+ Kh7 25.
Rdg1 Bh6+ 26. Kd1 Qxh4 27. Qe8 Qxf2 28. Rxg2 Qf3+ 29. Ke1 Qe3+ 30. Kd1 Qc1# 0-1

[Event "*** Titled Tuesday Blitz"]
[Site "Chess.com"]
[Date "2019.12.03"]
[Round "2"]
[White "PawnEatingZombie"]
[Black "LucaBrasi1968"]
[Result "0-1"]
[WhiteElo "2121"]
[BlackElo "2414"]
[TimeControl "180+2"]
[EndTime "13:21:03 PST"]
[Termination "LucaBrasi1968 won by resignation"]

1. d4 f5 2. Nc3 d5 3. Bf4 a6 4. e3 e6 5. Nf3 Nf6 6. Bd3 c5 7. dxc5 Bxc5 8. O-O Nc6 9. Ne2 Qe7 10.
c4 O-O 11. a3 Kh8 12. Rc1 e5 13. cxd5 exf4 14. dxc6 fxe3 15. Ned4 exf2+ 16. Kh1 Ng4 17. cxb7 Bxb7 18. Nxf5 Rxf5 19. Bxf5 Ne3 20. Qd3 Nxf1 21.
Rxf1 Rd8 22. Qc4 Ba7 23. h4 Rd4 24. Qe6 Qxe6 25. Bxe6 Bxf3 26. gxf3 Rxh4+ 27. Kg2 Rh6 28. Bf5 Rf6 29. Be4 g6 30. Rc1 Kg7 31. Rc7+ Rf7 32. Rc6 Rd7 33. Rxa6 Be3 34. Bc6 Rd1 35. Bb5 Rg1+ 36.
Kh3 f1=Q+ 37. Bxf1 Rxf1 38. Kg2 Rf2+ 39. Kg3 Rxb2 0-1

[Event "*** Titled Tuesday Blitz"]
[Site "Chess.com"]
[Date "2019.12.03"]
[Round "2"]
[White "SCIM"]
[Black "gmcorrales"]
[Result "0-1"]
[WhiteElo "2504"]
[BlackElo "2736"]
[TimeControl "180+2"]
[EndTime "13:21:05 PST"]
[Termination "gmcorrales won by resignation"]

1. d4 Nf6 2. c4 g6 3. Nc3 d5 4. Bg5 Bg7 5. Bxf6 Bxf6 6. cxd5 c5 7.
dxc5 Na6 8. e3 Nxc5 9. Bb5+ Kf8 10. Nge2 Qb6 11. O-O a6 12. Bc4 Qxb2 13. Rc1 Bd7 14.
d6 e6 15. Nd4 Kg7 16. f4 Rac8 17. Rf2 Qa3 18. g4 Na4 19. Nxa4 Bxa4 20. Nb3 b5 21. g5 Bb2 22. d7 Rxc4 23. d8=Q Rxd8 24.
Qxd8 Bxb3 25. Rxc4 Bxc4 26. f5 gxf5 27. g6 hxg6 28.
Rg2 Bf6 29. Qd2 Qc3 30. Qf2 Qc1+ 0-1

[Event "*** Titled Tuesday Blitz"]
[Site "Chess.com"]
[Date "2019.12.03"]
[Round "2"]
[White "SerGo055"]
[Black "BillieKimbah"]
[Result "0-1"]
[WhiteElo "2519"]
[BlackElo "2754"]
[TimeControl "180+2"]
[EndTime "13:21:08 PST"]
[Termination "BillieKimbah won by checkmate"]

1. d4 Nf6 2. Nf3 e6 3. c4 b6 4. g3 Ba6 5. Nbd2 d5 6. Qc2 Be7 7. Bg2 O-O 8. O-O c5 9. Rd1 Nc6 10.
dxc5 Bxc5 11. a3 Ng4 12. Rf1 Rc8 13. h3 Nxf2 14. Rxf2 Bxf2+ 15. Kxf2 dxc4 16. Ne4 f5 17. Nc3 e5 18. Ng5 Qf6 19. Qa4 Bb7 20. Nd5 Qd6 21.
Qxc4 Kh8 22. Qh4 h6 23. Kg1 Nd4 24. e4 Nb3 25. Rb1 Rxc1+ 26. Rxc1 Nxc1 27. Qh5 Ne2+ 28. Kf2 fxe4+ 29. Kxe2 Bxd5 30. Bxe4 Bc4+ 31. Ke3 Qd4# 0-1

[Event "*** Titled Tuesday Blitz"]
[Site "Chess.com"]
[Date "2019.12.03"]
[Round "2"]
[White "resha1988"]
[Black "Frolik67"]
[Result "0-1"]
[WhiteElo "2760"]
[BlackElo "2550"]
[TimeControl "180+2"]
[EndTime "13:21:10 PST"]
[Termination "Frolik67 won by resignation"]

1. d4 e6 2. c4 d5 3. Nc3 f5 4.
Nf3 Nf6 5. Bf4 c6 6. e3 Bd6 7.
Qc2 O-O 8. Bd3 Ne4 9. Bxd6 Qxd6 10. g4 Kh8 11. gxf5 exf5 12. O-O-O Be6 13. h4 dxc4 14.
Bxe4 fxe4 15. Ng5 Bf5 16. f3 b5 17. fxe4 Bg4 18. h5 Bxd1 19. Nxd1 Qh6 20. Qg2 Nd7 21. e5 Nb6 22. Nc3 Rf5 23. Rg1 Raf8 24. e6 Nd5 25.
Nxd5 cxd5 26. Kb1 Qxh5 27. Nf7+ R8xf7 28. exf7 Qxf7 29. a3 h6 30. Qh2 Rf2 31. Qb8+ Kh7 32. Rg4 Qf5+ 0-1

[Event "*** Titled Tuesday Blitz"]
[Site "Chess.com"]
[Date "2019.12.03"]
[Round "2"]
[White "bascheyaro"]
[Black "RainForestt"]
[Result "1-0"]
[WhiteElo "2759"]
[BlackElo "2526"]
[TimeControl "180+2"]
[EndTime "13:21:12 PST"]
[Termination "bascheyaro won by checkmate"]

1. d4 d5 2. c4 c6 3. Nc3 Nf6 4. Nf3 a6 5. e3 b5 6. cxd5 cxd5 7. Bd3 Bb7 8. O-O e6 9. Bd2 Nbd7 10. a4 b4 11. Na2 a5 12. Nc1 Bd6 13. Nb3 O-O 14.
Qe2 Qb6 15. Rfc1 Rfc8 16. h3 Rxc1+ 17. Rxc1 Bc6 18. Bb5 Bxb5 19. Qxb5 Qxb5 20. axb5 Ne4 21. Be1 a4 22. Ra1 Nb6 23. Nbd2 a3 24. bxa3 Rxa3 25.
Rb1 Nc3 26. Rb3 f6 27. Kf1 Kf7 28. g4 Ke7 29. Rxa3 bxa3 30. Nb3 a2 31. Bxc3 Nc4 32.
Nfd2 Na3 33. Ke2 Nc2 34. b6 Na3 35. b7 Nb5 36. Ba5 Kd7 37. Kd3 Kc6 38. Bb4 Bb8 39. Kc2 Kxb7 40. Kb2 a1=Q+ 41. Kxa1 Kc6 42. Kb2 e5 43. Kc2 Ba7 44. Kd3 exd4 45. Nxd4+ Bxd4 46. exd4 Kd7 47. f4 g5 48. f5 Nc7 49. Nb1 Kc6 50.
Nc3 Ne8 51. Be7 Kd7 52. Nxd5 h6 53. Nxf6+ Kxe7 54. Nxe8 Kxe8 55. Ke4 Ke7 56. Ke5 Kf7 57. f6 Kg6 58. Ke6 h5 59. f7 hxg4 60. hxg4 Kg7 61. Ke7 Kh7 62. f8=Q Kg6 63. Qf5+ Kh6 64. d5 Kg7 65. Qxg5+ Kh8 66. Kf7 Kh7 67. Qh5# 1-0